 Seeded DCSS version 0.29.1-15-g9cfb28693d (webtiles) character file.

Game seed: 14004205871845239922 (custom seed)

49 Mickster the Shield-Bearer (level 3, -1/31 HPs)
             Began as a Demigod Fighter on Feb 23, 2023.
             Slain by a kobold
             ... wielding a +0 club
              (2 damage)
             ... on level 2 of the Dungeon.
             The game lasted 00:12:33 (854 turns).

Mickster the Shield-Bearer (Demigod Fighter)         Turns: 854, Time: 00:12:34

Health: -1/31      AC:  6    Str: 21    XL:     3   Next: 32%
Magic:  5/5        EV:  9    Int: 10    God:
Gold:   45         SH:  4    Dex: 13    Spells: 2/2 levels left

rFire   . . .      SeeInvis .   a - +1 war axe (vorpal)
rCold   . . .      Faith    .   c - +0 buckler
rNeg    . . .      Spirit   .   b - +0 scale mail
rPois   .          Reflect  .   (no helmet)
rElec   .          Harm     .   (no cloak)
rCorr   .          Rampage  .   (no gloves)
Will    .....                   (no boots)
Stlth   ..........              (no amulet)
HPRegen 0.10/turn               (no ring)
MPRegen 0.09/turn               (no ring)

@: mighty
A: high MP 1, forlorn, divine attributes
a: no special abilities


You were on level 2 of the Dungeon.
You visited 1 branch of the dungeon, and saw 2 of its levels.

You collected 45 gold pieces.

Inventory:

Hand Weapons
 a - a +1 vorpal war axe (weapon)
Armour
 b - a +0 scale mail (worn)
 c - a +0 buckler (worn)
Potions
 d - a potion of might


   Skills:
 + Level 3.1 Fighting
 + Level 2.4 Axes
 + Level 3.0 Armour
 + Level 0.5 Dodging
 + Level 3.1 Shields


You had 2 spell levels left.
You didn't know any spells.
Your spell library contained the following spells:

 Spells                   Type           Power      Damage    Failure   Level
 Apportation              Tloc           0%         N/A       80%         1
 Alistair's Intoxication  Tmut/Pois      0%         N/A       100%        5


Dungeon Overview and Level Annotations

Branches:
Dungeon (2/15)


Innate Abilities, Weirdness & Mutations

You have an increased reservoir of magic. (+10% MP)
You shall have no god before yourself.
Your divine heritage dramatically boosts your attributes as you level up.


Message History

A gnoll comes into view. It is wielding a +0 flail.
A gnoll comes into view. It is wielding a +0 halberd.
A gnoll comes into view. It is wielding a +0 flail.
The gnoll shouts! x2
An endoplasm comes into view.
A kobold comes into view. It is wielding a +0 club.
The kobold shouts!
You hit the gnoll but do no damage. The gnoll barely misses you.
You barely miss the gnoll. The gnoll hits you but does no damage.
You closely miss the gnoll. The gnoll closely misses you.
The gnoll hits you but does no damage.
You hit the gnoll but do no damage. You block the gnoll's attack.
The gnoll hits you from afar with a +0 halberd.
The gnoll hits you with a +0 flail! The gnoll hits you but does no damage.
You barely miss the gnoll. You block the gnoll's attack. x2
You slash the gnoll!
The gnoll is severely wounded.
You block the gnoll's attack. The gnoll barely misses you. x2
The gnoll hits you from afar with a +0 halberd.
You slash the gnoll!
You kill the gnoll!
The gnoll closely misses you.
You have reached level 3!
Your experience leads to a dramatic increase in your attributes!
Increase (S)trength, (I)ntelligence, or (D)exterity?
You feel stronger. x4
You feel very mighty all of a sudden. The gnoll closely misses you. x2
You slice the gnoll!!
You kill the gnoll!
The gnoll completely misses you.
Your Armour skill increases to level 3!
You closely miss the kobold. The gnoll hits you but does no damage.
The kobold closely misses you. The kobold hits you but does no damage.
The gnoll closely misses you.
You closely miss the kobold.
The gnoll hits you from afar with a +0 halberd!
* * * LOW HITPOINT WARNING * * *
The kobold hits you with a +0 club.
You die...

####### .
#.....# ##...
#....<####..[.#.
#......@KJ......
#.....###gg....#
#.....# ......#
####### .......
#...... ..#.##
....# #.###


You could see 2 gnolls, an endoplasm and a kobold.

Vanquished Creatures
  2 gnolls (D:2)
  A dart slug (D:1)
  3 endoplasms (D:1)
  A giant cockroach (D:1)
  3 hobgoblins
  A kobold (D:1)
  A quokka (D:1)
  A ball python (D:1)
  5 bats (D:1)
  A frilled lizard (D:1)
  4 goblins (D:1)
  3 rats
26 creatures vanquished.

Notes
Turn   | Place    | Note
-------+----------+-------------------------------------------
     0 | D:1      | Mickster the Demigod Fighter began the quest for the Orb.
     0 | D:1      | Reached XP level 1. HP: 18/18 MP: 3/3
   500 | D:1      | Reached XP level 2. HP: 25/25 MP: 4/4
   851 | D:2      | Reached XP level 3. HP: 11/31 MP: 5/5
   854 | D:2      | HP: 1/31 [gnoll/+0 halberd (11)]
   854 | D:2      | Slain by a kobold

Illustrated notes

Levels and vault maps discovered:
D:1:      dpeg_arrival_round_a, layout_loops_corners, minmay_statues_item
D:2:      layout_loops_cross, uniq_jessica

Skill      XL: |  1  2  3 |
---------------+----------+-----
Shields        | 3 |  3.1
Fighting       | 3 |  3.1
Axes           | 2 |  2.4
Armour         | 3 |  3.0
Dodging        | |  0.5

Action                   || total
-------------------------++-------
Melee: War axe           ||    84
  Use: Potion            ||     3
       Scroll            ||     5
Armor: Scale mail        ||    72
Dodge: Dodged            ||    64
Block: Buckler           ||    22
